 Dungeon Crawl Stone Soup version 0.21.1-1-g345015f (webtiles) character file.

528880 Monsterracer the Bringer of Law (level 24, -6/228 HPs)
             Began as a Centaur Monk on June 9, 2018.
             Was the Champion of Zin.
             Killed from afar by an electric golem (39 damage)
             ... with a bolt of lightning
             ... on level 1 of the Realm of Zot on June 10, 2018.
             The game lasted 02:15:41 (84119 turns).

Monsterracer the Bringer of Law (Centaur Monk)     Turns: 84119, Time: 02:15:42

Health: -6/228     AC: 32    Str: 25    XL:     24   Next: 35%
Magic:  40/40      EV: 11    Int: 12    God:    Zin [******]
Gold:   936        SH:  0    Dex: 13    Spells: 23/23 levels left

rFire    + + +     SeeInvis +   a - +9 longbow (freeze)
rCold    . . .     Gourm    .   (shield currently unavailable)
rNeg     + . .     Faith    .   q - +2 fire dragon scales
rPois    +         Spirit   .   u - +2 hat {MR+}
rElec    .         Reflect  .   H - +1 cloak
rCorr    .         Harm     .   W - +3 pair of gloves of the Everdark {SInv}
MR       +++++     Clarity  +   S - +3 centaur barding {Fly}
Stlth    ..........             T - amulet of the Four Winds {rN+ MR+++ Clar}
HPRegen  0.48/turn              y - ring of Noon {+Fly rPois rF+ Int+3}
MPRegen  0.27/turn              C - ring of protection from cold {!d}

@: flying, studying 2 skills, very quick
A: large, hooves 3, deformed body, speed 2, tough skin 3
}: 3/15 runes: decaying, slimy, gossamer
a: Recite, Vitalisation, Imprison, Sanctuary, Donate Gold, Renounce Religion,
Stop Flying


You were on level 1 of the Realm of Zot.
You worshipped Zin.
Zin was exalted by your worship.
You were not hungry.

You visited 10 branches of the dungeon, and saw 48 of its levels.

You collected 5458 gold pieces.
You spent 3347 gold pieces at shops.
You donated 1175 gold pieces to Zin.

Inventory:

Hand Weapons
 a - a +9 longbow of freezing (weapon)
 b - a +8 longbow of flaming
Missiles
 s - 399 arrows (quivered)
 w - a throwing net
Armour
 q - +2 fire dragon scales (worn)
 u - a +2 hat of magic resistance (worn)
 H - a +1 cloak (worn)
 S - a +3 centaur barding of flying (worn)
 W - the +3 pair of gloves of the Everdark (worn) {SInv}
   (You found it on level 2 of the Depths)

   It lets you see invisible.
Jewellery
 y - the ring of Noon (left hand) {+Fly rPois rF+ Int+3}
   (You found it on level 3 of the Depths)

   [ring of flight]

   It affects your intelligence (+3).
   It protects you from fire.
   It protects you from poison.
   It lets you fly.
 C - a ring of protection from cold (right hand) {!d}
 F - the ring of Yruntu {MR+ Str+5}
   (You found it on level 12 of the Dungeon)

   [ring of protection from magic]

   It affects your strength (+5).
   It affects your resistance to hostile enchantments.
 G - the ring "Fiwnoso" {rC++ AC-2 Str-5 SInv Stlth+}
   (You bought it in a shop on level 1 of the Depths)

   [ring of protection]

   It affects your AC (-2).
   It affects your strength (-5).
   It greatly protects you from cold.
   It lets you see invisible.
   It makes you more stealthy.
 K - an uncursed ring of resist corrosion
 T - the amulet of the Four Winds (around neck) {rN+ MR+++ Clar}
   (You bought it in a shop on level 1 of the Depths)

   [amulet of nothing]

   It protects you from negative energy.
   It affects your resistance to hostile enchantments.
   It protects you against confusion.
 U - the ring of Vastuv {*Tele rElec MR- Str+7 SInv}
   (You bought it in a shop on level 1 of the Depths)

   [ring of teleportation]

   It may teleport you next to monsters.
   It affects your strength (+7).
   It insulates you from electricity.
   It affects your resistance to hostile enchantments.
   It lets you see invisible.
Wands
 f - a wand of digging (57)
 I - a wand of flame (172)
 L - a wand of acid (35)
Scrolls
 d - 9 scrolls of remove curse
 g - 6 scrolls of magic mapping {!r}
 k - 9 scrolls of fear {!r}
 l - 8 scrolls of blinking
 m - 5 scrolls of teleportation
 x - 23 scrolls of identify
 D - 5 scrolls of fog
 J - 2 scrolls of silence
 M - 2 scrolls of summoning {!r}
 O - 2 scrolls of holy word
Potions
 e - 6 potions of haste
 h - 9 potions of heal wounds
 i - 9 potions of mutation {!q}
 n - 7 potions of flight
 o - 6 potions of berserk rage {!q}
 r - 12 potions of curing
 t - 4 potions of ambrosia {!q}
 v - 6 potions of brilliance
 z - 4 potions of resistance
 A - 3 potions of agility
 B - 8 potions of might
 E - 4 potions of magic
 Q - 3 potions of invisibility
Books
 p - a manual of Dodging
 R - a manual of Bows
Comestibles
 c - 39 rations


   Skills:
 * Level 21.1 Fighting
 + Level 20.6 Bows
 + Level 12.8 Armour
 + Level 9.4 Dodging
 - Level 1.1 Stealth
 - Level 13.0 Unarmed Combat
 O Level 27 Invocations


You had 23 spell levels left.
You didn't know any spells.

Dungeon Overview and Level Annotations

Branches:
Dungeon (15/15)            Temple (1/1) D:7            Lair (6/6) D:11
  Swamp (4/4) Lair:4       Spider (4/4) Lair:2        Slime (5/5) Lair:6
    Orc (2/2) D:12            Elf (0/3) Orc:2        Vaults (4/5) D:13
  Crypt (0/3) Vaults:2     Depths (5/5) D:15            Zot (1/5) Depths:5

Altars:
Ashenzari
Cheibriados
Dithmenos
Elyvilon
Fedhas
Gozag
Hepliaklqana
Kikubaaqudgha
Makhleb
Nemelex Xobeh
Okawaru
Qazlal
Ru
Sif Muna
Trog
Uskayaw
Vehumet
Wu Jian
Xom
Yredelemnul
Zin
The Shining One
Jiyva

Shops:
D:4 *   D:6 *   D:8 :   D:11 *   Orc:2 :(?%   Vaults:2 %   Vaults:3 :
Depths:1 =}}

Portals:
Hell: Depths:1 Depths:2 Depths:3 Depths:4 Depths:5
Abyss: Depths:4
Pandemonium: Orc:2 Depths:3 Depths:5
Ziggurat: Depths:4

Annotations:
Lair:1 exclusion: oklob plant
Depths:4 2 runed doors
Depths:5 2 runed doors


Innate Abilities, Weirdness & Mutations

You have hooves in place of feet.
Armour fits poorly on your strangely shaped body.
You cover ground very quickly.
You have extremely tough skin. (AC +3)


Message History

You shoot an arrow.
The arrow barely misses the electric golem.
The electric golem hurls lightning at you.
The bolt of lightning hits you!
* * * LOW HITPOINT WARNING * * *
You take 28 damage, and have 62/228 hp.
Unknown command.
Firing (i - inventory. (,) - cycle):
s - 407 arrows (quivered)
Press: ? - help, Shift-Dir - straight line, f/p - electric golem
Aim: an electric golem (heavily damaged)
You shoot an arrow.
The arrow closely misses the electric golem.
The electric golem blinks!
Firing (i - inventory. (,) - cycle):
s - 406 arrows (quivered)
Press: ? - help, Shift-Dir - straight line, f/p - electric golem
Aim: an electric golem (heavily damaged, fire blocked by a granite statue)
Your line of fire to the electric golem is blocked by a granite statue.
Continue anyway?
Okay, then.
Firing (i - inventory. (,) - cycle):
s - 406 arrows (quivered)
Press: ? - help, Shift-Dir - straight line, f - you
Okay, then.
You start resting.
Firing (i - inventory. (,) - cycle):
s - 406 arrows (quivered)
Press: ? - help, Shift-Dir - straight line, f/p - electric golem
Aim: an electric golem (heavily damaged)
You shoot an arrow. The arrow hits the electric golem!
The arrow freezes the electric golem.
The electric golem is heavily damaged.
Firing (i - inventory. (,) - cycle):
s - 405 arrows (quivered)
Press: ? - help, Shift-Dir - straight line, f/p - electric golem
Aim: an electric golem (heavily damaged)
You shoot an arrow. The arrow misses the electric golem.
The electric golem hurls lightning at you.
The bolt of lightning hits you!
* * * LOW HITPOINT WARNING * * *
You take 10 damage, and have 54/228 hp.
Unknown command.
Firing (i - inventory. (,) - cycle):
s - 404 arrows (quivered)
Press: ? - help, Shift-Dir - straight line, f/p - electric golem
Aim: an electric golem (heavily damaged)
You shoot an arrow. The arrow misses the electric golem.
Firing (i - inventory. (,) - cycle):
s - 403 arrows (quivered)
Press: ? - help, Shift-Dir - straight line, f/p - electric golem
Aim: an electric golem (heavily damaged)
You shoot an arrow. The arrow hits the electric golem!
The electric golem is heavily damaged.
The electric golem hits you but does no damage. x2
The electric golem closely misses you. x2
Firing (i - inventory. (,) - cycle):
s - 402 arrows (quivered)
Press: ? - help, Shift-Dir - straight line, f/p - electric golem
Aim: an electric golem (heavily damaged)
You shoot an arrow. The arrow misses the electric golem.
The electric golem closely misses you.
The electric golem hits you but does no damage. x2
The electric golem hits you.
* * * LOW HITPOINT WARNING * * *
The electric golem hits you but does no damage. x3
The electric golem closely misses you.
You take 4 damage, and have 51/228 hp.
Unknown command.
Unknown command.
Firing (i - inventory. (,) - cycle):
s - 401 arrows (quivered)
Press: ? - help, Shift-Dir - straight line, f/p - electric golem
Aim: an electric golem (heavily damaged)
You shoot an arrow. The arrow hits the electric golem!
The arrow freezes the electric golem.
The electric golem is severely damaged.
The electric golem hurls lightning at you.
The bolt of lightning hits you!
* * * LOW HITPOINT WARNING * * *
You take 17 damage, and have 34/228 hp.
Unknown command.
Unknown command.
Firing (i - inventory. (,) - cycle):
s - 400 arrows (quivered)
Press: ? - help, Shift-Dir - straight line, f/p - electric golem
Aim: an electric golem (severely damaged)
You shoot an arrow.
The arrow closely misses the electric golem.
The electric golem hits you.
* * * LOW HITPOINT WARNING * * *
The electric golem shocks you!!
* * * LOW HITPOINT WARNING * * *
The electric golem hits you but does no damage.
The electric golem closely misses you. The electric golem misses you.
You take 22 damage, and have 12/228 hp.
Unknown command.
Okay, then.
Okay, then.
You feel much better.
The electric golem hits you but does no damage. x2
The electric golem barely misses you.
The electric golem hits you but does no damage.
You regained 20 hp, and now have 32/228 hp.
Unknown command.
Unknown command.
Okay, then.
Okay, then.
The electric golem hurls lightning at you.
The bolt of lightning misses you. The bolt of lightning hits you!
You die...

**,,,,,,*,*,***,,,,,******
**>,,,,,,***⌠**,.#,,****,
**,,,,,,,*,,,*,.##,,,*,,
**,,,,,,*,8,*...###,,,,
**,,,*,*,,,*..((.#*,,*
**,,****,+#.(....**,,
**,#####*.(.....,**,
*##...##((.....,**,
#@88((((8.....,***
##..(##)((....,,,*
#####*..((##.,,,,
**,,##..#**,,,,
*,,,*,#(#****,,
*,8,*,§#.#**,,,
*,,,*,,,...,,,,
**⌠***,,,..***, ***
**,,,,,,,,


You could see an electric golem.

Vanquished Creatures
  Dissolution (Slime:4)
  the Royal Jelly (Slime:5)
  Mara (Depths:2)
  Boris (Vaults:3)
  Frederick (Depths:2)
  Margery (Vaults:3)
  Saint Roka (Orc:2)
  A Killer Klown (Zot:1)
  A curse toe (Zot:1)
  5 golden dragons
  Xtahua (Vaults:4)
  Jory (Vaults:3)
  Nikola (Swamp:3)
  A bone dragon (Depths:5)
  Arachne (Spider:4)
  Jorgrun (Swamp:2)
  Rupert (D:14)
  3 tentacled monstrosities
  4 liches
  Asterion (Depths:2)
  5 quicksilver dragons
  14 acid blobs
  The ghost of Mesmaeker13 the Tortoise, an adept GrMo of the Shining One (Swamp:4)
  An ancient champion (Depths:1)
  A titan (Depths:3)
  Agnes (D:15)
  4 storm dragons
  3 tengu reavers
  4 thorn hunters
  Kirke (D:14)
  3 shadow dragons
  Roxanne (Swamp:1)
  12 fire giants
  15 azure jellies
  Louise (D:14)
  A draconian scorcher (Depths:5)
  An iron dragon (Depths:3)
  5 emperor scorpions
  5 ghost moths
  6 frost giants
  2 draconian knights (Depths:5)
  3 spriggan defenders (Depths:2)
  8 vault wardens
  9 ironheart preservers
  20 stone giants
  28 very ugly things
  3 entropy weavers
  A war gargoyle (Vaults:4)
  4 vampire knights
  4 green draconians (Depths:5)
  A black draconian (Depths:5)
  3 deep elf demonologists (Depths:4)
  3 yellow draconians (Depths:5)
  16 spark wasps
  Nessos (Lair:4)
  A deep elf annihilator (Vaults:3)
  The ghost of tidbits the Covert, a journeyman GnEn of Cheibriados (Swamp:2)
  2 white draconians (Depths:5)
  5 purple draconians (Depths:5)
  A red draconian (Depths:5)
  A green death (Depths:4)
  Snorg (Orc:2)
  5 death oozes
  A crystal guardian (Vaults:4)
  10 ettins
  2 blizzard demons (Depths:4)
  2 jiangshi (Depths:3)
  Josephine (D:14)
  A great orb of eyes (shapeshifter) (Depths:5)
  15 yaktaur captains
  13 fire dragons
  Erolcha (Orc:2)
  11 ice dragons
  8 rakshasas
  2 deep elf high priests
  11 great orbs of eyes
  20 hydras
  2 ghost crabs
  14 vault guards
  4 spriggan air magi
  36 two-headed ogres
  12 ogre magi
  A catoblepas (D:14)
  A hell beast (Depths:1)
  9 alligators
  2 death knights
  19 centaur warriors
  5 tengu warriors
  5 deep troll shamans
  6 death yaks
  3 vampire magi
  Urug (D:12)
  6 orc high priests
  5 deep elf knights
  3 deep troll earth magi
  7 spriggan berserkers
  23 hell knights
  A soul eater (Orc:2)
  A sun demon (Orc:2)
  9 skeletal warriors
  2 iron trolls
  3 fire crabs (Swamp:4)
  Nergalle (D:11)
  A salamander mystic (Depths:3)
  A glowing orange brain (Depths:5)
  An infernal demonspawn (Orc:2)
  2 shambling mangroves
  10 swamp dragons
  An unseen horror (D:14)
  3 wizards
  A deep elf archer (Vaults:1)
  A torturous demonspawn (Orc:2)
  9 deep trolls
  4 flayed ghosts
  A harpy (Vaults:2)
  11 ironbrand convokers
  A phantasmal warrior (Vaults:2)
  A mana viper (shapeshifter) (D:13)
  2 oklob plants (Swamp:3)
  12 orc knights
  34 ugly things
  13 orb spiders
  7 necromancers
  2 stone giant zombies (Vaults:3)
  38 wolf spiders
  9 deep elf magi
  7 shining eyes
  An orb spider (shapeshifter) (Depths:4)
  7 orc sorcerers
  A faun (shapeshifter) (Depths:5)
  6 salamanders
  4 manticores
  5 elephants (Lair:5)
  8 moths of wrath
  3 cyclopes
  A black mamba (shapeshifter) (Depths:5)
  2 torpor snails
  13 vault sentinels
  2 black mambas
  A rust devil (Depths:1)
  An eye of devastation (Slime:2)
  5 orange demons
  16 spiny frogs
  Psyche (D:12)
  4 kobold demonologists (Depths:4)
  An ice devil (Orc:2)
  A rime drake (Lair:3)
  7 komodo dragons
  5 centaur skeletons
  33 yaktaurs
  2 efreet (D:14)
  16 demonic crawlers
  8 freezing wraiths
  A red devil (Orc:2)
  A hellwing (Orc:2)
  4 tengu conjurers
  A meliai (shapeshifter) (Depths:4)
  A merfolk (shapeshifter) (Vaults:4)
  A queen bee (Lair:4)
  5 polar bears (Lair:6)
  42 jumping spiders
  A merfolk (D:9)
  9 meliai
  6 trolls
  A troll (shapeshifter) (Depths:1)
  6 tyrant leeches
  70 slime creatures
  A dream sheep (shapeshifter) (Depths:2)
  22 hornets
  A hippogriff (shapeshifter) (D:15)
  A slime creature (shapeshifter) (Depths:5)
  8 bog bodies
  9 dream sheep (Lair:6)
  3 blink frogs (Lair:2)
  An iron dragon simulacrum (Depths:1)
  6 hippogriffs
  2 spriggans (shapeshifter)
  2 air elementals (Depths:5)
  A centaur simulacrum (D:14)
  A redback (shapeshifter) (D:13)
  3 shadows
  3 vampires (Vaults:2)
  16 spriggans
  16 water elementals
  A tarantella (shapeshifter) (Vaults:3)
  5 wyverns
  4 ynoxinuls (Depths:4)
  A hog (D:14)
  92 redbacks
  43 tarantellas
  9 wraiths
  A basilisk (shapeshifter) (Vaults:2)
  35 yaks
  3 hungry ghosts
  A golden eye (Slime:5)
  2 basilisks
  3 steam dragons
  4 vampire mosquitoes (Swamp:2)
  16 swamp worms
  2 two-headed ogre zombies (D:12)
  5 wargs
  An acid dragon (D:13)
  A deep troll zombie (Vaults:1)
  A soldier ant (D:14)
  A hell hound (Depths:1)
  16 water moccasins
  A floating eye (shapeshifter) (Vaults:2)
  2 floating eyes
  41 orc warriors
  9 porcupines
  A human skeleton (Vaults:3)
  5 ice beasts
  7 sky beasts
  5 black bears
  An elf zombie (Vaults:3)
  A hornet zombie (D:13)
  22 swamp drakes
  13 boggarts
  3 necrophages
  8 eyes of draining
  5 phantoms
  35 ogres
  27 wolves
  23 centaurs
  11 crocodiles
  Blork the orc (D:4)
  3 human zombies (Vaults:1)
  A big kobold (D:14)
  17 bullfrogs
  A wyvern zombie (D:11)
  A wyvern skeleton (D:11)
  11 scorpions
  2 troll zombies (D:12)
  A water moccasin skeleton (D:9)
  31 killer bees
  14 wights
  An orc simulacrum (Vaults:2)
  4 electric eels
  3 howler monkeys
  A lava snake (Lair:2)
  12 crimson imps
  2 centaur zombies
  4 jellies
  A quasit (D:6)
  2 bullfrog skeletons (D:11)
  15 orc wizards
  22 orc priests
  A gnoll shaman (D:5)
  10 hounds
  Jessica (D:2)
  4 iguanas
  Natasha (thrice) (D:2)
  12 worker ants
  4 ogre zombies (D:12)
  2 hound zombies
  3 hound skeletons
  2 howler monkey zombies
  7 gnolls
  8 adders
  9 shadow imps
  An adder zombie (D:7)
  2 oozes
  An adder skeleton (D:7)
  2 worms
  A dart slug (D:1)
  6 leopard geckos
  85 orcs
  3 giant cockroaches
  7 hobgoblins
  4 jackals
  10 kobolds
  6 quokkas
  15 bats
  3 frilled lizards
  12 goblins
  A goblin skeleton (D:12)
  2 goblin zombies (D:12)
  2 hobgoblin skeletons (D:12)
  2 hobgoblin zombies (D:12)
  A kobold zombie (D:8)
  A leopard gecko skeleton (D:4)
  A leopard gecko zombie (D:5)
  An orc skeleton (D:12)
  18 orc zombies
  2 quokka skeletons
  5 rats
  2 rat zombies (D:8)
  2 fungi (Lair:6)
  4 plants
1972 creatures vanquished.

Vanquished Creatures (collateral kills)
  A wolf spider (Spider:4)
  A moth of wrath (Spider:4)
  A komodo dragon (Lair:3)
  3 hornets (Spider:4)
6 creatures vanquished.

Vanquished Creatures (others)
  A hydra (Swamp:4)
  A hornet (Swamp:3)
  A ynoxinul (Depths:4)
  2 water elementals (D:14)
  2 humans (D:14)
  2 swamp drakes (Swamp:4)
  A crocodile (Lair:4)
  2 iguanas (Lair:4)
  3 kobolds (D:14)
  13 fungi
  43 plants
71 creatures vanquished.

Grand Total: 2049 creatures vanquished

Notes
Turn   | Place    | Note
-------+----------+-------------------------------------------
     0 | D:1      | Monsterracer the Centaur Monk began the quest for the Orb.
     0 | D:1      | Reached XP level 1. HP: 19/19 MP: 1/1
   133 | D:1      | Reached XP level 2. HP: 21/26 MP: 2/2
   526 | D:1      | Reached XP level 3. HP: 31/31 MP: 3/3
   953 | D:2      | Noticed Jessica
   967 | D:2      | Killed Jessica
  1332 | D:2      | Noticed Natasha
  1346 | D:2      | HP: 13/31 [Natasha (3)]
  1616 | D:2      | Killed Natasha
  1616 | D:2      | Reached skill level 5 in Unarmed Combat
  1616 | D:2      | Reached XP level 4. HP: 21/38 MP: 4/4
  1842 | D:2      | Noticed Natasha
  1849 | D:2      | Killed Natasha
  2083 | D:2      | Noticed Natasha
  2095 | D:2      | Killed Natasha
  2095 | D:2      | Reached XP level 5. HP: 29/45 MP: 5/5
  2451 | D:3      | Found an ornate altar of the Wu Jian Council.
  2522 | D:3      | HP: 20/45 [worm (7)]
  3259 | D:4      | Reached XP level 6. HP: 28/51 MP: 6/6
  3260 | D:4      | HP: 25/51 [poisoned by a worker ant]
  3265 | D:4      | HP: 12/51 [poisoned by an adder]
  3278 | D:4      | HP: 25/51 [poisoned by an adder]
  3283 | D:4      | HP: 23/51 [poisoned by an adder]
  3290 | D:4      | HP: 22/51 [poisoned by an adder]
  3296 | D:4      | HP: 21/51 [poisoned by an adder]
  3306 | D:3      | HP: 20/51 [poisoned by an adder]
  3314 | D:3      | HP: 19/51 [poisoned by an adder]
  3322 | D:3      | HP: 19/51 [poisoned by an adder]
  3331 | D:3      | HP: 19/51 [poisoned by an adder]
  3808 | D:4      | Found an opulent altar of Gozag.
  4119 | D:4      | Reached XP level 7. HP: 40/59 MP: 7/7
  4249 | D:4      | HP: 28/59 [ogre/giant club (10)]
  4296 | D:4      | HP: 20/59 [ogre/giant club (15)]
  4517 | D:4      | Found a shimmering altar of Xom.
  4517 | D:4      | Found a white marble altar of Elyvilon.
  4542 | D:4      | Found Betrut's Assorted Antiques.
  4545 | D:4      | Bought a longbow for 139 gold pieces
  4545 | D:4      | Bought a scroll labeled BIALAQ NE GILO for 31 gold pieces
  4545 | D:4      | Bought 2 scrolls labeled IGUWEZADUGG for 62 gold pieces
  4856 | D:5      | Entered Level 5 of the Dungeon
  4856 | D:5      | Noticed Blork the orc
  4883 | D:4      | HP: 28/60 [Blork the orc/short sword (4)]
  4887 | D:4      | Killed Blork the orc
  5142 | D:5      | Reached skill level 5 in Bows
  5276 | D:5      | Reached XP level 8. HP: 65/67 MP: 8/8
  5409 | D:5      | HP: 33/67 [gnoll/halberd (14)]
  5580 | D:4      | HP: 29/67 [gnoll/halberd (7)]
  5873 | D:5      | Reached skill level 5 in Fighting
  5936 | D:5      | HP: 29/68 [crimson imp/trident (7)]
  5965 | D:5      | HP: 34/68 [adder (1)]
  5972 | D:5      | HP: 32/68 [poisoned by an adder]
  5979 | D:5      | HP: 31/68 [poisoned by an adder]
  5987 | D:5      | HP: 30/68 [poisoned by an adder]
  6353 | D:6      | Found Ocarrog's Assorted Antiques.
  6653 | D:6      | HP: 34/70 [wight/halberd (11)]
  7000 | D:6      | Reached XP level 9. HP: 54/75 MP: 9/9
  8016 | D:7      | Reached skill level 10 in Bows
  9022 | D:7      | Found a staircase to the Ecumenical Temple.
  9028 | Temple   | Entered the Ecumenical Temple
  9120 | Temple   | Became a worshipper of Zin the Law-Giver
  9120 | Temple   | Reached * piety under Zin
  9120 | Temple   | Reached ** piety under Zin
  9318 | D:8      | Found a sparkling altar of Nemelex Xobeh.
  9379 | D:8      | HP: 33/78 [orc warrior/short sword (18)]
  9382 | D:8      | HP: 7/78 [orc warrior/short sword (17)]
  9403 | D:8      | Reached skill level 1 in Invocations
  9478 | D:8      | Reached *** piety under Zin
  9522 | D:8      | HP: 31/79 [orc warrior/mace (1)]
  9774 | D:8      | HP: 30/79 [hornet (16)]
  9779 | D:8      | HP: 21/79 [poisoned by a hornet]
  9780 | D:8      | Reached skill level 2 in Invocations
  9785 | D:8      | HP: 18/79 [poisoned by a hornet]
  9791 | D:8      | HP: 16/79 [poisoned by a hornet]
  9798 | D:8      | HP: 15/79 [poisoned by a hornet]
  9806 | D:8      | HP: 13/79 [poisoned by a hornet]
  9809 | D:8      | HP: 6/79 [centaur/arrow (8)]
  9816 | D:7      | HP: 5/79 [poisoned by a hornet]
  9826 | D:7      | HP: 4/79 [poisoned by a hornet]
  9832 | D:7      | HP: 4/79 [poisoned by a hornet]
  9838 | D:7      | HP: 4/79 [poisoned by a hornet]
 10283 | D:8      | HP: 35/79 [orc warrior/halberd (11)]
 10295 | D:8      | HP: 28/79 [orc warrior/halberd (10)]
 10308 | D:8      | HP: 17/79 [orc warrior/halberd (13)]
 10326 | D:8      | Reached XP level 10. HP: 22/86 MP: 12/12
 10375 | D:8      | HP: 28/86 [orc wizard/puff of frost (3)]
 10443 | D:8      | HP: 37/86 [kobold zombie (3)]
 10884 | D:8      | Reached skill level 3 in Invocations
 11246 | D:8      | Found Saim's Book Boutique.
 11445 | D:9      | Noticed a two-headed ogre
 11451 | D:9      | Killed a two-headed ogre
 11451 | D:9      | Reached skill level 4 in Invocations
 11453 | D:9      | Noticed a two-headed ogre
 11472 | D:9      | Killed a two-headed ogre
 11472 | D:9      | Reached skill level 5 in Invocations
 11776 | D:9      | HP: 38/88 [orc warrior/war axe (11)]
 11791 | D:9      | HP: 22/88 [orc warrior/war axe (8)]
 12670 | D:9      | HP: 35/88 [merfolk/spear (15)]
 12929 | D:10     | Entered Level 10 of the Dungeon
 13123 | D:10     | HP: 40/88 [wight/enchanted halberd (8)]
 13132 | D:10     | Reached **** piety under Zin
 13134 | D:10     | HP: 39/88 [wight/battleaxe (4)]
 13430 | D:10     | Reached skill level 10 in Unarmed Combat
 13540 | D:10     | Reached skill level 6 in Invocations
 14038 | D:10     | Reached XP level 11. HP: 94/94 MP: 15/15
 14517 | D:10     | Noticed a two-headed ogre
 14524 | D:10     | Killed a two-headed ogre
 14524 | D:10     | Reached skill level 7 in Invocations
 15078 | D:6      | Bought a brightly glowing chain mail for 285 gold pieces
 15078 | D:6      | Identified the +5 chain mail of Circular Logic {*Contam rN++ Regen+ MP+9} (You bought it in a shop on level 6 of the Dungeon)
 15391 | D:11     | Noticed an eight-headed hydra
 15444 | D:11     | Killed an eight-headed hydra
 15444 | D:11     | Reached skill level 1 in Armour
 15490 | D:11     | Noticed a centaur warrior
 15501 | D:11     | Killed a centaur warrior
 15501 | D:11     | Reached skill level 8 in Invocations
 15702 | D:11     | Reached ***** piety under Zin
 15708 | D:11     | Noticed Nergalle
 15713 | D:11     | Killed Nergalle
 15885 | D:11     | Found a staircase to the Lair.
 15968 | D:11     | Found Zuuc's Changing Room.
 16028 | D:11     | Noticed a two-headed ogre
 16033 | D:11     | Killed a two-headed ogre
 16254 | Lair:1   | Entered Level 1 of the Lair of Beasts
 16290 | Lair:1   | Reached skill level 9 in Invocations
 16528 | Lair:1   | Noticed an oklob plant
 16557 | Lair:1   | Reached XP level 12. HP: 104/104 MP: 18/18
 17400 | Lair:2   | Reached skill level 15 in Bows
 17471 | Lair:2   | Noticed an eight-headed hydra
 17478 | Lair:2   | Killed an eight-headed hydra
 17478 | Lair:2   | Reached skill level 10 in Invocations
 17530 | Lair:2   | Found a hole to the Spider Nest.
 18523 | Lair:3   | Noticed a death yak
 18523 | Lair:3   | Noticed a death yak
 18553 | Lair:3   | Killed a death yak
 18555 | Lair:3   | Noticed a death yak
 18557 | Lair:3   | Noticed a death yak
 18559 | Lair:3   | Noticed a death yak
 18561 | Lair:3   | Noticed a death yak
 18590 | Lair:3   | Killed a death yak
 18598 | Lair:3   | HP: 53/106 [death yak (10)]
 18599 | Lair:3   | Killed a death yak
 18612 | Lair:2   | HP: 40/106 [death yak (18)]
 18640 | Lair:2   | Killed a death yak
 18821 | Lair:3   | Killed a death yak
 18827 | Lair:3   | Reached skill level 11 in Invocations
 18832 | Lair:3   | Killed a death yak
 18832 | Lair:3   | Reached skill level 10 in Fighting
 18941 | Lair:3   | Noticed an eight-headed hydra
 18946 | Lair:3   | Killed an eight-headed hydra
 19203 | Lair:3   | Noticed an eight-headed hydra
 19209 | Lair:3   | Killed an eight-headed hydra
 19209 | Lair:3   | Reached XP level 13. HP: 90/113 MP: 21/21
 19333 | Lair:3   | HP: 47/113 [komodo dragon (23)]
 19855 | Lair:4   | Found a runed door.
 19946 | Lair:4   | HP: 50/113 [killer bee (7)]
 19951 | Lair:4   | HP: 39/113 [poisoned by a killer bee]
 19956 | Lair:4   | HP: 35/113 [poisoned by a killer bee]
 19961 | Lair:4   | HP: 33/113 [poisoned by a killer bee]
 19966 | Lair:4   | HP: 32/113 [poisoned by a killer bee]
 19971 | Lair:4   | HP: 32/113 [poisoned by a killer bee]
 19978 | Lair:4   | HP: 34/113 [poisoned by a killer bee]
 19985 | Lair:4   | HP: 36/113 [poisoned by a killer bee]
 19994 | Lair:4   | HP: 40/113 [poisoned by a killer bee]
 20141 | Lair:4   | HP: 56/113 [killer bee (1)]
 20145 | Lair:4   | HP: 24/113 [meliai/divine providence (14)]
 20146 | Lair:4   | Noticed Nessos
 20148 | Lair:4   | HP: 10/113 [poisoned by Nessos]
 20418 | Lair:4   | HP: 56/113 [killer bee (7)]
 20423 | Lair:4   | HP: 46/113 [poisoned by a killer bee]
 20428 | Lair:4   | HP: 45/113 [poisoned by a killer bee]
 20433 | Lair:4   | HP: 44/113 [poisoned by a killer bee]
 20439 | Lair:4   | HP: 45/113 [poisoned by a killer bee]
 20445 | Lair:4   | HP: 47/113 [poisoned by a killer bee]
 20453 | Lair:4   | HP: 51/113 [poisoned by a killer bee]
 20560 | Lair:4   | HP: 56/113 [meliai/war axe (6)]
 20565 | Lair:4   | HP: 37/113 [poisoned by a meliai]
 20570 | Lair:4   | HP: 35/113 [poisoned by a meliai]
 20576 | Lair:4   | HP: 35/113 [poisoned by a meliai]
 20582 | Lair:4   | HP: 36/113 [poisoned by a meliai]
 20588 | Lair:4   | HP: 38/113 [poisoned by a meliai]
 20595 | Lair:4   | HP: 41/113 [poisoned by a meliai]
 20891 | Lair:4   | Found a staircase to the Swamp.
 20899 | Lair:4   | HP: 56/114 [Nessos/arrow (2)]
 20900 | Lair:4   | Killed Nessos
 20904 | Lair:4   | HP: 40/114 [poisoned by Nessos]
 20909 | Lair:4   | HP: 28/114 [poisoned by Nessos]
 20914 | Lair:4   | HP: 21/114 [poisoned by Nessos]
 20919 | Lair:4   | HP: 16/114 [poisoned by Nessos]
 20924 | Lair:4   | HP: 13/114 [poisoned by Nessos]
 20930 | Lair:4   | HP: 11/114 [poisoned by Nessos]
 20935 | Lair:4   | HP: 11/114 [poisoned by Nessos]
 20941 | Lair:4   | HP: 11/114 [poisoned by Nessos]
 20948 | Lair:4   | HP: 13/114 [poisoned by Nessos]
 20956 | Lair:4   | HP: 16/114 [poisoned by Nessos]
 20964 | Lair:4   | HP: 19/114 [poisoned by Nessos]
 21585 | Lair:4   | Reached skill level 12 in Invocations
 22470 | Lair:6   | Entered Level 6 of the Lair of Beasts
 22694 | Lair:6   | Paralysed by a hornet for 1 turns
 22697 | Lair:6   | Reached skill level 5 in Armour
 23082 | Lair:6   | Found a sacrificial altar of Ru.
 23215 | Lair:6   | Reached skill level 13 in Invocations
 23215 | Lair:6   | Reached XP level 14. HP: 90/122 MP: 23/23
 23415 | Lair:6   | Found a staircase to the Slime Pits.
 23567 | Lair:6   | Reached ****** piety under Zin
 23651 | Lair:6   | HP: 62/124 [spriggan rider/spear of piercing (15)]
 23659 | Lair:6   | HP: 43/124 [spriggan rider/spear of piercing (12)]
 23812 | Lair:6   | HP: 62/124 [spriggan rider/spear of piercing (9)]
 24789 | D:12     | Found a staircase to the Orcish Mines.
 25092 | D:12     | Noticed Urug
 25101 | D:12     | Killed Urug
 25142 | D:12     | Noticed Psyche
 25152 | D:12     | Killed Psyche
 25937 | D:12     | Got a smoking brass ring
 26132 | D:12     | Identified the ring of Yruntu {MR+ Str+5} (You found it on level 12 of the Dungeon)
 26169 | Orc:1    | Entered Level 1 of the Orcish Mines
 26782 | Orc:2    | Entered Level 2 of the Orcish Mines
 26787 | Orc:2    | Noticed Erolcha
 26801 | Orc:2    | Killed Erolcha
 27088 | Orc:2    | Found Rextegh's Food Boutique.
 27095 | Orc:2    | Found Somam's Magic Scroll Shop.
 27191 | Orc:2    | Bought a scroll of brand weapon for 280 gold pieces
 27321 | Orc:2    | Reached skill level 14 in Invocations
 27445 | Orc:2    | Found Zidemouch's Book Emporium.
 27445 | Orc:2    | Found Sutuada's Antique Weapon Shoppe.
 27447 | Orc:2    | Found a one-way gate leading to the halls of Pandemonium.
 27575 | Orc:2    | Noticed Snorg
 27584 | Orc:2    | Killed Snorg
 27584 | Orc:2    | Reached XP level 15. HP: 113/132 MP: 25/25
 27789 | Orc:2    | Noticed Saint Roka
 27796 | Orc:2    | HP: 62/132 [Saint Roka/divine providence (13)]
 27801 | Orc:2    | HP: 53/132 [poisoned by an orc warrior]
 27806 | Orc:2    | HP: 34/132 [poisoned by an orc warrior]
 27809 | Orc:2    | Found a staircase to the Elven Halls.
 27811 | Orc:2    | HP: 31/132 [poisoned by an orc warrior]
 27816 | Orc:2    | HP: 28/132 [poisoned by an orc warrior]
 27821 | Orc:2    | HP: 26/132 [poisoned by an orc warrior]
 27826 | Orc:2    | HP: 26/132 [poisoned by an orc warrior]
 27831 | Orc:2    | HP: 26/132 [poisoned by an orc warrior]
 27836 | Orc:2    | HP: 28/132 [poisoned by an orc warrior]
 27843 | Orc:2    | HP: 31/132 [poisoned by an orc warrior]
 27851 | Orc:2    | HP: 35/132 [poisoned by an orc warrior]
 28071 | Orc:2    | HP: 55/132 [Saint Roka/divine providence (13)]
 28072 | Orc:2    | Killed Saint Roka
 28392 | Orc:2    | Bought a scroll of teleportation for 42 gold pieces
 28392 | Orc:2    | Bought a scroll of blinking for 105 gold pieces
 28392 | Orc:2    | Bought a scroll of teleportation for 42 gold pieces
 28660 | D:6      | Bought a scroll of teleportation for 90 gold pieces
 28660 | D:6      | Bought a potion of heal wounds for 150 gold pieces
 28660 | D:6      | Bought a potion of heal wounds for 150 gold pieces
 28660 | D:6      | Bought a potion of curing for 90 gold pieces
 28890 | D:13     | Noticed a frost giant
 29007 | D:13     | Killed a frost giant
 29115 | D:13     | Got a bloodstained falchion
 29118 | D:13     | Identified the +9 falchion of Descent {antimagic, Fragile rN++ Dex+6} (You found it on level 13 of the Dungeon)
 29432 | D:13     | HP: 64/132 [ice dragon/blast of cold (19)]
 29442 | D:13     | Identified a scroll of acquirement
 29618 | D:13     | Found an opulent altar of Gozag.
 29678 | D:13     | Reached skill level 15 in Invocations
 29698 | D:13     | Found a gate to the Vaults.
 30802 | D:14     | HP: 61/133 [seven-headed hydra (10)]
 30999 | D:14     | Noticed Louise
 31029 | D:14     | HP: 44/133 [Louise/bolt of lightning (31)]
 31030 | D:14     | HP: 12/133 [Louise/bolt of lightning (33)]
 31256 | D:14     | Killed Louise
 31394 | D:14     | Found a glowing golden altar of the Shining One.
 31540 | D:14     | Noticed Kirke
 31568 | D:14     | Killed Kirke
 31590 | D:14     | Paralysed by a hornet for 2 turns
 31594 | D:14     | Paralysed by a hornet for 1 turns
 31650 | D:14     | Noticed Rupert
 31722 | D:14     | Got a heavily runed chain mail
 31723 | D:14     | Identified the +9 chain mail of the Seven Friends {Int+6} (You found it on level 14 of the Dungeon)
 31739 | D:14     | Reached XP level 16. HP: 124/141 MP: 27/27
 31854 | D:14     | Noticed Josephine
 31857 | D:14     | Killed Josephine
 31932 | D:15     | Entered Level 15 of the Dungeon
 31985 | D:15     | Noticed Agnes
 31999 | D:15     | Killed Agnes
 31999 | D:15     | HP: 55/141 [centaur warrior/arrow (20)]
 32599 | D:15     | Found a staircase to the Depths.
 32711 | D:15     | Reached skill level 16 in Invocations
 33009 | D:14     | Killed Rupert
 33218 | Swamp:1  | Entered Level 1 of the Swamp
 33720 | Swamp:1  | Noticed Roxanne
 33728 | Swamp:1  | Killed Roxanne
 33738 | Swamp:1  | Identified Roxanne's Handbook of the Mountains (You took it off Roxanne on level 1 of the Swamp)
 34079 | Swamp:2  | HP: 70/143 [poison (poison gas)]
 34084 | Swamp:2  | HP: 60/143 [poison (poison gas)]
 34089 | Swamp:2  | HP: 42/143 [poison (poison gas)]
 34094 | Swamp:2  | HP: 24/143 [poison (poison gas)]
 34099 | Swamp:2  | HP: 21/143 [poison (poison gas)]
 34105 | Swamp:2  | HP: 20/143 [poison (poison gas)]
 34111 | Swamp:2  | HP: 21/143 [poison (poison gas)]
 34116 | Swamp:2  | HP: 22/143 [poison (poison gas)]
 34123 | Swamp:2  | HP: 25/143 [poison (poison gas)]
 34131 | Swamp:2  | HP: 29/143 [poison (poison gas)]
 34256 | Swamp:2  | Noticed tidbits's ghost (journeyman GnEn)
 34283 | Swamp:2  | Killed tidbits's ghost
 34508 | Swamp:2  | Noticed Jorgrun
 34520 | Swamp:2  | Killed Jorgrun
 34899 | Swamp:2  | Got a warped robe
 34907 | Swamp:2  | Identified the +2 robe of Peek-a-Boo {-Cast +Fly rC++ rCorr} (You found it on level 2 of the Swamp)
 35215 | Swamp:3  | Noticed Nikola
 35220 | Swamp:3  | Killed Nikola
 35356 | Swamp:3  | HP: 68/144 [swamp dragon] (6)]
 35416 | Swamp:3  | Noticed a thorn hunter
 35420 | Swamp:3  | Killed a thorn hunter
 35548 | Swamp:3  | Noticed a thorn hunter
 35553 | Swamp:3  | Killed a thorn hunter
 35603 | Swamp:3  | Noticed a thorn hunter
 35608 | Swamp:3  | Killed a thorn hunter
 35681 | Swamp:3  | Paralysed by a hornet for 1 turns
 35684 | Swamp:3  | HP: 72/145 [swamp drake] (2)]
 35697 | Swamp:3  | Reached skill level 17 in Invocations
 36345 | Swamp:3  | Reached XP level 17. HP: 151/151 MP: 29/29
 36560 | Swamp:4  | Entered Level 4 of the Swamp
 36562 | Swamp:4  | Got a smoking buckler
 36577 | Swamp:3  | HP: 73/151 [eight-headed hydra (4)]
 36872 | Swamp:4  | Noticed Mesmaeker13's ghost (adept GrMo)
 36882 | Swamp:4  | Killed Mesmaeker13's ghost
 37454 | Swamp:4  | Got a decaying rune of Zot
 37627 | Swamp:4  | HP: 75/152 [poison (poison gas)]
 37632 | Swamp:4  | HP: 54/152 [poison (poison gas)]
 37637 | Swamp:4  | HP: 43/152 [poison (poison gas)]
 37642 | Swamp:4  | HP: 36/152 [poison (poison gas)]
 37647 | Swamp:4  | HP: 31/152 [poison (poison gas)]
 37652 | Swamp:4  | HP: 28/152 [poison (poison gas)]
 37657 | Swamp:4  | HP: 28/152 [poison (poison gas)]
 37663 | Swamp:4  | HP: 29/152 [poison (poison gas)]
 37668 | Swamp:4  | HP: 30/152 [poison (poison gas)]
 37675 | Swamp:4  | HP: 34/152 [poison (poison gas)]
 37683 | Swamp:4  | HP: 38/152 [poison (poison gas)]
 38043 | Swamp:4  | HP: 75/152 [poison (poison gas)]
 38048 | Swamp:4  | HP: 61/152 [poison (poison gas)]
 38053 | Swamp:4  | HP: 53/152 [poison (poison gas)]
 38058 | Swamp:4  | HP: 48/152 [poison (poison gas)]
 38063 | Swamp:4  | HP: 45/152 [poison (poison gas)]
 38068 | Swamp:4  | HP: 45/152 [poison (poison gas)]
 38074 | Swamp:4  | HP: 46/152 [poison (poison gas)]
 38079 | Swamp:4  | HP: 47/152 [poison (poison gas)]
 38086 | Swamp:4  | HP: 51/152 [poison (poison gas)]
 38094 | Swamp:4  | HP: 55/152 [poison (poison gas)]
 38590 | Spider:1 | Entered Level 1 of the Spider Nest
 39819 | Spider:1 | HP: 77/154 [poisoned by a redback]
 39824 | Spider:1 | HP: 71/154 [poisoned by a redback]
 39829 | Spider:1 | HP: 67/154 [poisoned by a redback]
 39834 | Spider:1 | HP: 63/154 [poisoned by a redback]
 39840 | Spider:1 | HP: 61/154 [poisoned by a redback]
 39846 | Spider:1 | HP: 61/154 [poisoned by a redback]
 39854 | Spider:1 | HP: 61/154 [poisoned by a redback]
 39862 | Spider:1 | HP: 62/154 [poisoned by a redback]
 40245 | Spider:1 | HP: 65/154 [wolf spider (17)]
 41863 | Spider:3 | Reached skill level 18 in Invocations
 42548 | Spider:3 | Reached skill level 15 in Fighting
 42606 | Spider:3 | Reached XP level 18. HP: 163/163 MP: 31/31
 43466 | Spider:4 | Entered Level 4 of the Spider Nest
 43846 | Spider:4 | Noticed Arachne
 43862 | Spider:4 | HP: 74/163 [redback (11)]
 43877 | Spider:4 | HP: 59/163 [jumping spider (4)]
 43892 | Spider:4 | HP: 55/163 [redback (1)]
 43894 | Spider:4 | HP: 23/163 [jumping spider (10)]
 43900 | Spider:4 | HP: 35/163 [jumping spider (7)]
 44320 | Spider:4 | HP: 79/163 [redback (7)]
 44957 | Spider:4 | Killed Arachne
 45543 | Spider:4 | HP: 81/163 [wolf spider (3)]
 45553 | Spider:4 | HP: 51/163 [jumping spider (3)]
 45965 | Spider:4 | HP: 76/165 [something (8)]
 46640 | Spider:4 | Paralysed by a hornet for 2 turns
 46671 | Spider:4 | HP: 83/166 [emperor scorpion (3)]
 46676 | Spider:4 | HP: 75/166 [poisoned by an emperor scorpion]
 47295 | Spider:4 | Got a gossamer rune of Zot
 47826 | Vaults:1 | Entered Level 1 of the Vaults
 47991 | Vaults:1 | Reached skill level 19 in Invocations
 48355 | D:13     | HP: 83/166 [troll[an orc knight] (6)]
 48362 | D:13     | HP: 64/166 [deep elf knight/stone arrow (5)]
 48369 | D:13     | HP: 44/166 [deep elf mage/stone arrow[an ironheart preserver] (22)]
 49532 | Vaults:1 | Reached XP level 19. HP: 155/173 MP: 32/32
 50096 | Vaults:1 | Reached skill level 10 in Armour
 50948 | Vaults:2 | Found a staircase to the Crypt.
 51278 | Vaults:2 | Got a slimy scimitar
 51759 | Vaults:2 | HP: 83/174 [yaktaur captain/bolt (29)]
 52308 | Vaults:2 | HP: 88/177 [vault warden/war axe of flaming (7)]
 52311 | Vaults:2 | HP: 31/177 [vault warden/war axe of flaming (17)]
 52586 | Vaults:2 | Reached skill level 20 in Invocations
 52795 | Vaults:2 | Found Lunwijiz's Food Shoppe.
 53123 | Vaults:2 | HP: 71/177 [stone giant/large rock (37)]
 53128 | Vaults:2 | HP: 14/177 [fire giant/bolt of fire (27)]
 53217 | Vaults:1 | HP: 28/177 [centaur warrior (14)]
 53646 | Vaults:2 | HP: 70/177 [fire giant/fireball (31)]
 54717 | Vaults:2 | Identified the +11 scimitar "Bixt" {venom, Str+3} (You found it on level 2 of the Vaults)
 54890 | Vaults:3 | HP: 73/177 [vault warden/battleaxe (23)]
 54893 | Vaults:3 | HP: 35/177 [vault warden/battleaxe (23)]
 54912 | Vaults:3 | HP: 39/177 [burnt (1)]
 55450 | Vaults:3 | Reached XP level 20. HP: 187/187 MP: 34/34
 55680 | Vaults:3 | Noticed Margery
 55690 | Vaults:3 | Noticed Jory
 55694 | Vaults:3 | Killed Margery
 55714 | Vaults:3 | HP: 69/187 [Jory/great sword of slicing (31)]
 55724 | Vaults:3 | HP: 58/187 [Jory/great sword of slicing (6)]
 55727 | Vaults:3 | HP: 19/187 [vault warden/bardiche (15)]
 55732 | Vaults:3 | Zin protects you from harm!
 55739 | Vaults:3 | HP: 41/187 [Jory/great sword of slicing (3)]
 55741 | Vaults:3 | HP: 13/187 [Jory/vampiric draining (28)]
 55746 | Vaults:3 | HP: 24/187 [vault warden/bardiche (7)]
 55750 | Vaults:3 | Killed Jory
 55750 | Vaults:3 | HP: 9/187 [yaktaur/bolt[a yaktaur captain] (8)]
 55755 | Vaults:3 | Reached skill level 21 in Invocations
 56412 | Vaults:3 | Noticed Boris
 56441 | Vaults:3 | HP: 93/187 [something/iron shot (29)]
 56443 | Vaults:3 | Killed Boris
 56446 | Vaults:3 | HP: 86/188 [vault sentinel/bolt (9)]
 56477 | Vaults:3 | HP: 55/188 [very large slime creature (27)]
 57189 | Vaults:3 | Found Umifia's Book Emporium.
 57735 | Vaults:4 | Noticed Xtahua
 57747 | Vaults:4 | Killed Xtahua
 57859 | Vaults:4 | Got a shimmering helmet
 57870 | Vaults:4 | Identified the +2 helmet of the Sky {rC- Dex+2 Stlth+} (You acquired it on level 4 of the Vaults)
 58001 | Vaults:4 | HP: 84/189 [stone giant/large rock (13)]
 59701 | Depths:1 | Entered Level 1 of the Depths
 59746 | Depths:1 | HP: 92/189 [something (7)]
 59787 | Depths:1 | HP: 89/189 [stone giant/large rock (1)]
 60090 | Depths:1 | Found Totagew's Jewellery Shop.
 60090 | Depths:1 | Found Lyerok's Gadget Emporium.
 60091 | Depths:1 | Found Taarrath's Gadget Emporium.
 60104 | Depths:1 | Bought the amulet of the Four Winds {rN+ MR+++ Clar} for 702 gold pieces
 60104 | Depths:1 | Found the amulet of the Four Winds {rN+ MR+++ Clar}
 60107 | Depths:1 | Bought the cursed ring "Fiwnoso" {rC++ AC-2 Str-5 SInv Stlth+} for 280 gold pieces
 60107 | Depths:1 | Bought the ring of Vastuv {*Tele rElec MR- Str+7 SInv} for 579 gold pieces
 60107 | Depths:1 | Bought an uncursed ring of poison resistance for 320 gold pieces
 60652 | Depths:1 | Found a snail-covered altar of Cheibriados.
 60723 | Depths:1 | Reached XP level 21. HP: 195/198 MP: 35/35
 60860 | Depths:1 | Found a gateway to Hell.
 61246 | Depths:2 | Reached skill level 22 in Invocations
 61676 | Depths:2 | Noticed Mara
 61682 | Depths:2 | Noticed Monsterracer's illusion
 61915 | Depths:2 | Noticed Monsterracer's illusion
 61924 | Depths:2 | Killed Mara
 62365 | Depths:2 | Noticed Asterion
 62373 | Depths:2 | Killed Asterion
 62611 | Depths:2 | HP: 99/199 [something (16)]
 62982 | Depths:2 | Got a pair of polished gloves
 63118 | Depths:2 | Reached skill level 5 in Dodging
 63143 | Depths:2 | Identified the +3 pair of gloves of the Everdark {SInv} (You found it on level 2 of the Depths)
 63606 | Depths:3 | Noticed Frederick
 63761 | Depths:2 | HP: 64/199 [Frederick/iron shot (37)]
 63764 | Depths:2 | Killed Frederick
 63770 | Depths:2 | HP: 32/199 [hell knight/scimitar of flaming (10)]
 64494 | Depths:3 | HP: 92/199 [iron troll (11)]
 64864 | Depths:3 | Reached skill level 23 in Invocations
 65044 | Depths:3 | HP: 93/199 [jiangshi[a vampire mage] (15)]
 65056 | Depths:3 | HP: 75/199 [spark wasp (5)]
 65708 | Depths:3 | HP: 90/199 [flayed ghost/flay_damage (31)]
 66116 | Depths:3 | HP: 89/199 [frost giant/bolt of cold (33)]
 66117 | Depths:3 | HP: 31/199 [frost giant/bolt of cold (21)]
 66587 | Depths:3 | Donated 312 gold pieces to Zin
 66772 | Depths:3 | Noticed a golden dragon
 66781 | Depths:3 | Killed a golden dragon
 66781 | Depths:3 | Reached XP level 22. HP: 179/206 MP: 37/37
 67062 | Depths:3 | Reached skill level 24 in Invocations
 67695 | Depths:3 | Noticed a golden dragon
 67710 | Depths:3 | Killed a golden dragon
 67739 | Depths:3 | HP: 103/206 [poison (poison gas)]
 67744 | Depths:3 | HP: 101/206 [poison (poison gas)]
 67750 | Depths:3 | HP: 101/206 [poison (poison gas)]
 67756 | Depths:3 | HP: 102/206 [poison (poison gas)]
 67764 | Depths:3 | HP: 103/206 [poison (poison gas)]
 68095 | Depths:3 | Got a vibrating steel ring
 68096 | Depths:3 | Identified the ring of Noon {+Fly rPois rF+ Int+3} (You found it on level 3 of the Depths)
 68776 | Depths:4 | HP: 94/206 [ice dragon/blast of cold (25)]
 69397 | Depths:4 | Reached skill level 25 in Invocations
 69585 | Depths:4 | Found a one-way gate to the infinite horrors of the Abyss.
 69886 | Depths:4 | Got a translucent short sword
 69895 | Depths:4 | Identified the +5 short sword "Qequdid" {freeze, rPois MR+ Dex-4} (You found it on level 4 of the Depths)
 70047 | Depths:4 | Found a burning altar of Makhleb.
 70064 | Depths:4 | Got an ancient golden ring
 70065 | Depths:4 | Identified the ring "Qiuc" {Ice Dex+5 Stlth+} (You found it on level 4 of the Depths)
 70238 | Depths:4 | Found a runed door.
 70494 | Depths:4 | Found a runed door.
 70985 | Depths:4 | Found a gateway to a ziggurat.
 71733 | Depths:5 | Entered Level 5 of the Depths
 71989 | Depths:5 | Noticed a golden dragon
 72014 | Depths:5 | HP: 102/206 [golden dragon (8)]
 72016 | Depths:5 | Killed a golden dragon
 72453 | Depths:5 | Reached skill level 26 in Invocations
 72677 | Depths:5 | HP: 97/206 [spark wasp (12)]
 72679 | Depths:5 | HP: 45/206 [spark wasp (12)]
 72680 | Depths:5 | HP: 20/206 [spark wasp (5)]
 73148 | Depths:4 | HP: 102/206 [spark wasp (12)]
 73503 | Depths:5 | HP: 103/206 [spark wasp (14)]
 73509 | Depths:5 | HP: 45/206 [spark wasp/living lightning (13)]
 73514 | Depths:5 | HP: 44/206 [spark wasp/living lightning (2)]
 73520 | Depths:4 | HP: 34/206 [spark wasp (2)]
 73524 | Depths:4 | Reached XP level 23. HP: 25/213 MP: 40/40
 74322 | Depths:5 | Donated 503 gold pieces to Zin
 75411 | Depths:5 | HP: 99/213 [fire giant/bolt of fire (17)]
 75417 | Depths:5 | HP: 79/213 [storm dragon/bolt of lightning (14)]
 75421 | Depths:5 | Reached skill level 27 in Invocations
 75422 | Depths:5 | HP: 72/213 [storm dragon (9)]
 75767 | Depths:5 | Found a runed door.
 75767 | Depths:5 | Found a runed door.
 75851 | Depths:5 | Found a runed door.
 75859 | Depths:5 | Found a runed door.
 75908 | Depths:5 | Found a runed door.
 75924 | Depths:5 | Found a runed door.
 76139 | Depths:5 | Found a gate to the Realm of Zot.
 76913 | Vaults:5 | Entered Level 5 of the Vaults
 77285 | Slime:1  | Entered Level 1 of the Pits of Slime
 77627 | Slime:2  | HP: 99/215 [azure jelly (12)]
 77633 | Slime:1  | HP: 62/215 [azure jelly (2)]
 79360 | Slime:4  | Noticed Dissolution
 79370 | Slime:4  | Paralysed by a floating eye for 4 turns
 79376 | Slime:4  | Killed Dissolution
 79384 | Slime:3  | HP: 105/216 [large slime creature (6)]
 80171 | Slime:5  | Entered Level 5 of the Pits of Slime
 80892 | Slime:5  | Reached XP level 24. HP: 202/226 MP: 40/40
 80956 | Slime:5  | Found a viscous altar of Jiyva.
 80979 | Slime:5  | Noticed the Royal Jelly
 80995 | Slime:5  | HP: 94/226 [the Royal Jelly (31)]
 81002 | Slime:5  | HP: 79/226 [azure jelly[the Royal Jelly] (1)]
 81005 | Slime:5  | Killed the Royal Jelly
 81812 | Slime:5  | HP: 110/226 [acid (9)]
 82116 | Slime:5  | Got a dazzling ring mail
 82117 | Slime:5  | Identified the cursed +0 ring mail of Iggiekix {Dex+4} (You found it on level 5 of the Pits of Slime)
 82181 | Slime:5  | Got an encrusted helmet
 82182 | Slime:5  | Identified the cursed +0 helmet "Hesatocs" {*Corrode rPois Regen+} (You found it on level 5 of the Pits of Slime)
 82237 | Slime:5  | Got a slimy rune of Zot
 82243 | Slime:5  | Got a slimy robe
 82244 | Slime:5  | Identified the +0 robe "Kimack" {rElec rC+ Int+2 Dex+3 Stlth+} (You found it on level 5 of the Pits of Slime)
 82942 | Zot:1    | Entered Level 1 of the Realm of Zot
 82990 | Depths:5 | HP: 105/226 [quicksilver dragon (28)]
 83021 | Depths:5 | HP: 103/226 [quicksilver dragon/bolt of dispelling energy (3)]
 83525 | Zot:1    | HP: 71/226 [??? (55)]
 84101 | Zot:1    | HP: 114/228 [electric golem (15)]
 84106 | Zot:1    | HP: 62/228 [electric golem/bolt of lightning (28)]
 84111 | Zot:1    | HP: 54/228 [electric golem/bolt of lightning (10)]
 84116 | Zot:1    | HP: 31/228 [electric golem (4)]
 84116 | Zot:1    | HP: 12/228 [electric golem (19)]
 84119 | Zot:1    | Killed from afar by an electric golem

Skill      XL: |  1  2  3  4  5  6  7  8  9 10 11 12 13 14 15 16 17 18 19 20 21 22 23 24 |
---------------+-------------------------------------------------------------------------+-----
Unarmed Combat | 4 5 6 7 8 9 10 11 12 13 | 13.0
Fighting       | 4 6 7 8 9 10 11 12 13 15 16 17 19 20 21 | 21.1
Bows           | 5 8 11 12 14 16 17 19 20 | 20.6
Invocations    | 2 6 9 11 13 14 15 17 18 19 20 21 23 26 27 | 27.0
Armour         | 2 4 5 6 7 8 9 10 11 12 | 12.8
Dodging        | 3 4 5 8 9 |  9.4
Stealth        | |  1.1

Action                   |  1- 3 |  4- 6 |  7- 9 | 10-12 | 13-15 | 16-18 | 19-21 | 22-24 || total
-------------------------+-------+-------+-------+-------+-------+-------+-------+-------++-------
Melee: Unarmed           |   102 |   169 |   264 |   104 |   179 |    16 |    11 |    77 ||   922
       Kick              |    28 |    38 |    66 |    34 |    52 |     5 |     3 |    49 ||   275
       Punch             |       |     5 |    10 |     1 |     7 |     1 |       |    11 ||    35
       Longbow           |       |       |       |       |       |     4 |       |    15 ||    19
 Fire: Longbow           |       |       |   132 |   570 |  1386 |  1557 |  1738 |  1423 ||  6806
Throw: Throwing net      |       |       |     1 |       |       |       |       |     2 ||     3
Invok: Recite            |       |       |     4 |     1 |     3 |     1 |     4 |     3 ||    16
       Sanctuary         |       |       |       |       |     1 |     1 |     2 |     1 ||     5
       Imprison          |       |       |       |       |     2 |       |     2 |     1 ||     5
       Vitalisation      |       |       |       |       |       |     2 |     4 |     3 ||     9
       Donate Gold       |       |       |       |       |       |       |     1 |     1 ||     2
 Abil: Stop Flying       |       |       |       |       |       |       |       |     2 ||     2
       Evoke Flight      |       |       |       |       |       |       |       |     2 ||     2
Evoke: Wand              |       |       |       |       |       |       |     2 |       ||     2
  Use: Scroll            |       |    12 |     8 |    15 |    13 |    12 |    16 |    20 ||    96
       Potion            |       |     2 |     1 |       |     1 |    10 |     4 |     3 ||    21
 Stab: Sleeping          |       |     1 |     1 |       |       |       |       |       ||     2
       Held in net/web   |       |       |       |     1 |       |       |       |       ||     1
  Eat: Chunk             |       |     7 |    14 |    16 |    24 |    29 |     4 |     3 ||    97
       Ration            |       |       |     1 |     4 |     2 |     5 |    12 |    14 ||    38
Armor: Robe              |    44 |    45 |    97 |    43 |       |       |       |       ||   229
       Chain mail        |       |       |       |   100 |   517 |   219 |   363 |   551 ||  1750
       Swamp dragon scal |       |       |       |       |       |   283 |       |       ||   283
       Fire dragon scale |       |       |       |       |       |       |       |    49 ||    49
Dodge: Dodged            |    45 |    89 |   148 |   132 |   175 |   212 |   123 |   215 ||  1139

Vault maps used:
D:1:      minmay_arrival_nine_rooms, palyth_stone_intersect
D:2:      uniq_natasha, uniq_jessica
D:3:      nicolae_overflow_hidden_temple
D:4:      gammafunk_temple_overflow_wave, first_ration, serial_shops,
          kennysheep_mini_moat, grunt_gozag_statues
D:5:      uniq_blork_the_orc
D:6:      serial_shops, nicolae_shop_trees
D:7:      minmay_temple_entry_enclosed_plants
D:8:      nemelex_xobeh_ov_fountains_minmay, enter_ossuary_3, serial_shops, shop
D:9:      hangedman_fish_farm
D:11:     lair_entry_dummy, nicolae_transmutations_shop, uniq_nergalle
D:12:     zombieorc2_lemuel, einodemon_barbed_minivault, uniq_urug, uniq_psyche
D:13:     minmay_blocking_statues, erik_vaults_2, basic_altar,
          minmay_diamond_spiral
D:14:     serial_bayou, serial_bayou_lake_a, serial_bayou_ford_a,
          serial_bayou_crossing, serial_bayou_shore_b, lemuel_doored_altar,
          uniq_josephine, uniq_louise, uniq_kirke, uniq_rupert
D:15:     hangedman_depths_entry_try_elsewhere_first, uniq_agnes
Temple:   regret_index_temple_mists
Lair:1:   minmay_lair_oklob_chamber
Lair:2:   spider_nest_entry_web_field
Lair:3:   beast_lair_carwin_9, grunt_megastairs_2
Lair:4:   minmay_swamp_entry_reptiles, pf_torpor_hydra, uniq_nessos
Lair:5:   minivault_11
Lair:6:   minmay_lair_end_enchanted_forest, dpeg_slime_entry_corner, basic_altar
Swamp:1:  nicolae_swamp_fairy_circle, swamp_pool1, infiniplex_staircase_pool_2,
          uniq_roxanne
Swamp:2:  nicolae_swamp_treefoil, uniq_jorgrun
Swamp:3:  nicolae_swamp_phyte_club, hangedman_swamp_pad, swamp_pool5,
          uniq_nikola
Swamp:4:  swamp_fiery, swamp_pool5
Spider:4: spider_rune_water, nicolae_arachne_temple
Slime:1:  nicolae_slime_pool
Slime:4:  dissolution_awaits
Orc:2:    pf_orc_diabolical, uniq_saint_roka, uniq_erolcha, uniq_snorg
Vaults:1: v_pattern_1, vaults_dpeg_hooks, v_alt_pattern_2, v_misc_27,
          nicolae_vaults_alarming, ontoclasm_vaults_eye,
          nicolae_vaults_little_squares_3, vaults_mumra_lcd,
          grunt_vaults_diagonal, ontoclasm_vaults_spin,
          vaults_room_stairs_pillars, v_alt_pattern_3
Vaults:2: dpeg_vaults_monster_row, vaults_standard_mumra_enter_the_diamond,
          minmay_crypt_entry_vampire_xt, v_misc_11, st_eye, v_misc_3,
          vaults_mumra_chevron, serial_ice_g, ontoclasm_vaults_chip,
          serial_shops, shop, portal_desolation_entry_nicolae_slug
Vaults:3: hangedman_vaults_locks, nicolae_vaults_twisting_passages,
          vaults_room_pool, nicolae_vaults_network_periphery, v_misc_23,
          v_misc_26, vaults_dpeg_doors, vaults_room_grid,
          hangedman_vaults_stream, vaults_standard_mumra_x, v_misc_15,
          ontoclasm_vaults_shuriken, nicolae_vaults_c_with_doors,
          nicolae_vaults_little_squares_4, serial_shops, shop_statue, uniq_jory,
          uniq_margery, uniq_boris
Vaults:4: v_misc_32, vaults_mumra_minichess, vaults_mumra_chevron_long,
          hangedman_vaults_slice, ontoclasm_vaults_loading_screen,
          hangedman_vaults_maws, vaults_dpeg_diagonal, uniq_xtahua
Vaults:5: uniq_boris
Depths:1: grunt_mini_vestibule, hangedman_decor_riveting,
          serial_sigils_hangedman_clutch, st_stairs_4, cheibriados_altar_1,
          minmay_shop_grove
Depths:2: minmay_open_boxes_in_corner, hell_entry, minmay_door_square,
          uniq_asterion, uniq_mara
Depths:3: kennysheep_large_vault, dk_noncrumbling_3, pan_entry, hell_entry,
          nicolae_twisting_strands, uniq_frederick
Depths:4: evilmike_makhleb_hellhole, enter_ziggurat_c, abyss_entry,
          pf_dread_powers_of_hell, minmay_misc_feat_nine_boxes,
          serial_bayou_lagoon_b, minmay_staircase_statues_hall_small
Depths:5: evilmike_zot_entry_castle, pan_entry, pf_hell_entry_tar_spiral,
          serial_bayou_lagoon_a
Zot:1:    hangedman_zot_vaults_quadrants, st_stairs_7, grunt_ministairs_4
